 Dungeon Crawl Stone Soup version 0.26-a0-712-ga5a9c9c9d0 (webtiles) character file.

Game seed: 16564700101010685226

27 schauveau the Shooter (level 2, -1/25 HPs)
             Began as a Minotaur Hunter on Nov 12, 2020.
             Slain by an orc (5 damage)
             ... on level 3 of the Dungeon.
             The game lasted 00:01:56 (493 turns).

schauveau the Shooter (Minotaur Hunter)              Turns: 493, Time: 00:01:56

Health: -1/25      AC:  1    Str: 16    XL:     2   Next: 93%
Magic:  1/1        EV: 12    Int:  8    God:
Gold:   48         SH:  0    Dex: 10    Spells: 1/1 levels left

rFire    . . .     SeeInvis .   b - +0 short sword
rCold    . . .     Faith    .   (no shield)
rNeg     . . .     Spirit   .   g - -2 leather armour (curse)
rPois    .         Reflect  .   (helmet restricted)
rElec    .         Harm     .   (no cloak)
rCorr    .         Rampage  .   (no gloves)
MR       .....                  (no boots)
Stlth    +.........             (no amulet)
HPRegen  0.08/turn              (no ring)
MPRegen  0.07/turn              (no ring)

@: no status effects
A: retaliatory headbutt, horns 2
a: no special abilities


You were on level 3 of the Dungeon.
You visited 1 branch of the dungeon, and saw 3 of its levels.

You collected 48 gold pieces.

Inventory:

Hand Weapons
 a - a +1 shortbow
 b - a +0 short sword (weapon)
Missiles
 d - 29 arrows
Armour
 c - a +0 leather armour
 g - a cursed -2 leather armour (worn)
Scrolls
 e - a scroll of remove curse {unknown}
 h - a scroll of identify {unknown}
 i - a scroll of enchant armour {unknown}
Potions
 f - 3 potions of lignification {unknown}


   Skills:
 + Level 2.8 Fighting
 * Level 4.8 Bows
 + Level 1.1 Armour
 + Level 2.6 Dodging
 - Level 0.7 Stealth


You had one spell level left.
You didn't know any spells.
Your spell library was empty.

Dungeon Overview and Level Annotations

Branches:
Dungeon (3/15)

Altars:
Fedhas


Innate Abilities, Weirdness & Mutations

You reflexively headbutt those who attack you in melee.
You have a pair of horns on your head.


Message History

A rat comes into view.
A bat comes into view.
An orc comes into view. It is wielding a +0 trident.
The bat hits you. The bat barely misses you. x2
The bat hits you.
You closely miss the bat. The bat closely misses you. The bat misses you.
You hit the bat.
You kill the bat!
You closely miss the rat. The rat closely misses you. x2
You furiously retaliate!
You headbutt the rat.
You kill the rat!
The orc shouts!
The orc priest mumbles some strange prayers to Beogh against you.
Beogh smites you!
* * * LOW HITPOINT WARNING * * *
An orc comes into view. It is wielding a +0 short sword.
You are too injured to fight recklessly!
Found a scroll labeled NUHUWIOTAA.
The orc hits you.
You die...

....o .....
... ... # ##
#o# #. #. #.#
##.. #. #<#
.....#.##o###
#......o@..#
#..........#
##.#..†.$..#
# ##.#..###
...^..#
#..##.#.#
#... #.#.#
... #.#.# .#.
..?..


You could see an orc priest and 2 orcs.

Vanquished Creatures
  A worm (D:2)
  A leopard gecko (D:1)
  6 bats
  2 giant cockroaches (D:1)
  2 goblins (D:1)
  A hobgoblin (D:1)
  4 kobolds
  2 frilled lizards (D:1)
  5 rats
24 creatures vanquished.

Notes
Turn   | Place    | Note
-------+----------+-------------------------------------------
     0 | D:1      | schauveau the Minotaur Hunter began the quest for the Orb.
     0 | D:1      | Reached XP level 1. HP: 18/18 MP: 0/0
   107 | D:1      | Reached XP level 2. HP: 25/25 MP: 1/1
   314 | D:1      | Reached skill level 1 in Armour
   447 | D:2      | Found a blossoming altar of Fedhas.
   493 | D:3      | Slain by an orc

Illustrated notes

Levels and vault maps discovered:
D:1:      scummos_arrival_hexagon, layout_basic
D:2:      layout_rooms, yredelemnul_altar_generic, fedhas_altar_fruit_tree,
          hangedman_decor_lopped, serial_bayou_lagoon_b
D:3:      layout_rooms, tgw_sif, overflow_temple_1_default

Skill      XL: |  1  2 |
---------------+-------+-----
Armour         | 1 |  1.1
Fighting       | |  2.8
Bows           | |  4.8
Dodging        | |  2.6
Stealth        | |  0.7

Action                   || total
-------------------------++-------
Melee: Short sword       ||    40
       Headbutt          ||     4
 Fire: Shortbow          ||     8
  Use: Scroll            ||     2
 Stab: Sleeping          ||     1
Armor: Leather armour    ||     6
Dodge: Dodged            ||    44

Table legend: (Time is in decaauts)
 A = Elapsed time spent in this place.
 B = Non-inter-level travel time spent in this place.
 C = Inter-level travel time spent in this place.
 D = Time resting spent in this place.
 E = Time spent auto-exploring this place.
 F = Levels seen in this place.
 G = Mean time per level.
                   A        B        C        D        E       F      G
               +--------+--------+--------+--------+--------+-----+--------+
         Total |    495 |    483 |     12 |      0 |    163 |   3 |  165.0 |
       Dungeon |    495 |    483 |     12 |      0 |    163 |   3 |  165.0 |
               +--------+--------+--------+--------+--------+-----+--------+

Top non-repeatable levels by time:
     D:1: 411 daAuts
     D:2: 73 daAuts
     D:3: 11 daAuts
